 Dungeon Crawl Stone Soup version 0.29.0-4-gdea44cf6ec (webtiles) character file.

Game seed: 9532616486409307525

18815 qw the Cleaver (level 12, -13/77 HPs)
             Began as a Gargoyle Berserker on Sept 4, 2022.
             Was an Elder of Trog.
             Mangled by a reaper
             ... wielding a +3 scythe of venom
              (31 damage)
             ... on level 1 of the Abyss.
             The game lasted 00:05:06 (13785 turns).

qw the Cleaver (Gargoyle Berserker)                Turns: 13785, Time: 00:05:06

Health: -13/77     AC: 25    Str: 29      XL:     12   Next: 62%
Magic:  12/12      EV:  8    Int:  7 (9)  God:    Trog [****..]
Gold:   402        SH: 12    Dex: 11      Spells: 11/11 levels left

rFire   + . .      SeeInvis .   Y - +0 war axe
rCold   + + .      Faith    .   i - +1 kite shield "Wynod" {Int+2}
rNeg    + . .      Spirit   .   c - +0 plate armour
rPois   inf        Reflect  .   e - +1 helmet of the Armadillo {rC++ rCorr Int-2 Dex+2}
rElec   +          Harm     .   (no cloak)
rCorr   +          Rampage  .   k - +1 pair of gloves
Will    ++...                   p - +1 pair of boots
Stlth   ..........              o - amulet of the acrobat
HPRegen 1.22/turn               j - +6 ring of strength
MPRegen 0.13/turn               d - ring of protection from fire

@: about to teleport, strong-willed, on berserk cooldown, regenerating, slowed,
very slow
A: sickness immunity, AC +8, negative energy resistance 1, electricity
resistance, torment resistance 1, petrification resistance, deformed body,
(teleportitis 2), weak 1, subdued magic 1, sturdy frame 1
a: Renounce Religion, Berserk, Trog's Hand, Brothers in Arms


You were on level 1 of the Abyss.
You worshipped Trog.
Trog was greatly pleased with you.
You visited 1 branch of the dungeon, and saw 13 of its levels.
You visited the Abyss 1 time.

You collected 805 gold pieces.
You spent 403 gold pieces at shops.


Innate Abilities, Weirdness & Mutations

You are immune to sickness and miasma.
Your stone body is resilient. (AC +8)
You are immune to poison.
You resist negative energy. (rN+)
You are resistant to electric shocks. (rElec)
You are resistant to unholy torment.
You are immune to petrification.
Armour fits poorly on your strangely shaped body.
((You are often teleported next to monsters.))
You are weak. (Str -2)
Your spells are a little easier to cast, but a little less powerful.
Your movements are slightly less encumbered by armour. (ER -2)


   Skills:
 - Level 10.2 Fighting
 + Level 12.4 Axes
 - Level 2.9 Throwing
 - Level 9.0 Armour
 - Level 2.1 Dodging
 - Level 10.8 Shields


You had 11 spell levels left.
You didn't know any spells.
Your spell library was empty.

Inventory:

Hand Weapons
 l - a +0 morningstar
 Y - a +0 war axe (weapon)
Missiles
 t - 6 boomerangs (quivered)
Armour
 c - a +0 plate armour (worn)
 e - the +1 helmet of the Armadillo (worn) {rC++ rCorr Int-2 Dex+2}
   (You acquired it on level 6 of the Dungeon)

   Int:       It affects your intelligence (-2).
   Dex:       It affects your dexterity (+2).
   rC:        It greatly protects you from cold.
   rCorr:     It protects you from acid and corrosion.
 i - the +1 kite shield "Wynod" (worn) {Int+2}
   (You acquired it on level 6 of the Dungeon)

   Int:       It affects your intelligence (+2).
 k - a +1 pair of gloves (worn)
 p - a +1 pair of boots (worn)
Jewellery
 d - a ring of protection from fire (right hand)
 j - a +6 ring of strength (left hand)
 o - an amulet of the acrobat (around neck)
 q - a ring of fire
Scrolls
 a - a scroll of teleportation
 b - 4 scrolls of identify
Potions
 g - 3 potions of haste
 m - 3 potions of curing
 r - a potion of might
 s - 2 potions of mutation

Dungeon Overview and Level Annotations

Branches:
Dungeon (13/15)            Temple (0/1) D:6            Lair (0/5) D:11
    Orc (0/2) D:11
 Vaults: D:13-14

Altars:
Ashenzari
Fedhas
Kikubaaqudgha
Makhleb
Qazlal
Ru
Sif Muna
Uskayaw
Wu Jian
Yredelemnul
Jiyva

Shops:
D:4 :   D:5 *

Annotations:
D:10 3 runed translucent doors, qw's ghost, journeyman FoCA


Message History

Trog accepts your kill.
The chaos spawn degenerates into a cloud of primal chaos!
You hit the neqoxec. The neqoxec hits you!
13772 ||| INVOKING Berserk.
A red film seems to cover your vision as you go berserk!
You feel yourself moving faster!
You feel mighty! The neqoxec gestures at you.
Strange energies course through your body.
Your body twists and deforms.
You slice the neqoxec!!
You kill the neqoxec!
Trog accepts your kill.
You feel a strong urge to attack something.
You feel your anger nearly subside.
You are no longer berserk.
You are exhausted.
You feel yourself slow down.
13778 ||| Stepping ~*~*~tactically~*~*~ (stealth).
A ynoxinul comes into view.
The ynoxinul bellows!
13779 ||| Stepping ~*~*~tactically~*~*~ (hiding).
13780 ||| INVOKING Trog's Hand.
Your skin crawls.
You feel strong-willed.
13781 ||| Stepping ~*~*~tactically~*~*~ (stealth).
The ynoxinul hits you but does no damage.
The reaper hits you from afar with a +3 scythe of venom!!
You closely miss the ynoxinul. The ynoxinul closely misses you.
The reaper hits you from afar with a +3 scythe of venom!
The ynoxinul gestures at you. The iron shot hits you.
13784 ||| READING 2 scrolls of teleportation.
As you read the scroll of teleportation, it crumbles to dust.
You feel strangely unstable.
You feel the power of the Abyss delaying your translocation!
The reaper completely misses you. The ynoxinul barely misses you.
You slash the ynoxinul!
The ynoxinul is heavily wounded.
The reaper hits you from afar with a +3 scythe of venom!!
You die... 5

#.##... .# #
#... #..#.# .#.
..###..#.# 8.. .
###....#.####.#.
.. #...¤.%..#.
.....
##..........¤ ..
#......2#.##2..
##..#.#3#..##
#.. #.
#..@¤##...# . #.
###.#.....R. ¤##
...## .. .### #
... 3 #.## .. #.
#


You could see a reaper, a rakshasa (wandering) and a ynoxinul.

Vanquished Creatures
  A hydra (D:8)
  A centaur warrior (D:13)
  3 two-headed ogres
  A thrashing horror (Abyss:1)
  An ugly thing (D:13)
  A manticore (shapeshifter) (D:13)
  2 kobold demonologists (D:10)
  A demonic crawler (Abyss:1)
  A harpy zombie (Abyss:1)
  3 trolls
  A hornet (D:9)
  A dream sheep (shapeshifter) (D:13)
  2 basilisks
  2 vampires
  A ynoxinul (Abyss:1)
  3 wyverns
  A shadow (D:9)
  34 yaks
  Grum (D:11)
  Eustachio (D:6)
  3 vampire mosquitoes (D:12)
  2 neqoxecs (Abyss:1)
  A chaos spawn (Abyss:1)
  Edmund (D:6)
  2 water moccasins
  2 acid dragons (D:10)
  2 sky beasts
  An ice beast (D:5)
  5 orc warriors
  A black bear (D:8)
  A large abomination (Abyss:1)
  4 wolves (D:11)
  An ogre (D:11)
  4 centaurs
  A small abomination (Abyss:1)
  5 kobold brigands
  A phantom (D:6)
  4 bullfrogs
  A gnoll sergeant (D:9)
  3 scorpions
  A necrophage (D:4)
  12 wights
  3 killer bees (D:10)
  2 howler monkeys
  A hound (D:5)
  3 jellies
  4 orc priests
  An iguana (D:4)
  13 orc wizards
  10 gnolls
  11 adders
  A shadow imp (D:6)
  5 white imps
  An ufetubus (D:6)
  4 worms (D:2)
  3 dart slugs
  30 orcs
  7 bats
  11 endoplasms
  5 giant cockroaches
  9 goblins
  5 hobgoblins
  7 jackals
  3 quokkas
  7 ball pythons
  A frilled lizard (D:1)
  20 kobolds
  3 rats
  A spectral orc (D:3)
291 creatures vanquished.

Vanquished Creatures (others)
  Erolcha (D:11)
  2 withered plants (D:3)
3 creatures vanquished.

Grand Total: 294 creatures vanquished

Notes
Turn   | Place    | Note
-------+----------+-------------------------------------------
     0 | D:1      | qw the Gargoyle Berserker began the quest for the Orb.
     0 | D:1      | Reached XP level 1. HP: 14/14 MP: 1/1
     0 | D:1      | 0 ||| qw: Version: 0.1-a-103-gd6f5d3a
     0 | D:1      | 0 ||| qw: Game counter: 5413
     0 | D:1      | 0 ||| qw: Always use a shield: true
     0 | D:1      | 0 ||| qw: Do Orc after D:15 true
     0 | D:1      | 0 ||| qw: Do second Lair branch before Depths: true
     0 | D:1      | 0 ||| qw: Lair rune preference: random
     0 | D:1      | 0 ||| qw: Plans: Normal
     0 | D:1      | 0 ||| PLANNING D:1-11
    93 | D:1      | Reached skill level 3 in Axes
   115 | D:1      | Reached XP level 2. HP: 19/19 MP: 2/2
   485 | D:1      | Reached XP level 3. HP: 23/23 MP: 3/3
   485 | D:1      | 485 ||| Stepping ~*~*~tactically~*~*~ (stealth).
   489 | D:1      | 489 ||| Stepping ~*~*~tactically~*~*~ (stealth).
   491 | D:1      | 491 ||| Stepping ~*~*~tactically~*~*~ (stealth).
   496 | D:1      | 496 ||| Stepping ~*~*~tactically~*~*~ (stealth).
   498 | D:1      | 498 ||| Stepping ~*~*~tactically~*~*~ (stealth).
   500 | D:1      | 500 ||| Stepping ~*~*~tactically~*~*~ (stealth).
   503 | D:1      | 503 ||| Stepping ~*~*~tactically~*~*~ (stealth).
   510 | D:1      | 510 ||| Stepping ~*~*~tactically~*~*~ (stealth).
   513 | D:1      | 513 ||| Stepping ~*~*~tactically~*~*~ (stealth).
   682 | D:1      | Reached skill level 1 in Throwing
   808 | D:1      | 808 ||| DROPPING orb of mayhem.
   809 | D:1      | 809 ||| UPGRADING to +0 helmet.
   814 | D:1      | 814 ||| DROPPING amulet of magic regeneration.
   815 | D:1      | 815 ||| READING 3 scrolls labelled UMOELYRI BINTAH.
   818 | D:1      | 818 ||| READING scroll labelled BEICEY ZUAJ.
   866 | D:2      | 866 ||| INVOKING Berserk.
  1101 | D:2      | Reached ** piety under Trog
  1102 | D:2      | Reached skill level 4 in Axes
  1102 | D:2      | 1102 ||| Stepping ~*~*~tactically~*~*~ (stealth).
  1105 | D:2      | 1105 ||| Stepping ~*~*~tactically~*~*~ (stealth).
  1106 | D:2      | 1106 ||| Stepping ~*~*~tactically~*~*~ (stealth).
  1111 | D:2      | Reached XP level 4. HP: 28/28 MP: 4/4
  1342 | D:2      | 1342 ||| Stepping ~*~*~tactically~*~*~ (stealth).
  1510 | D:2      | 1510 ||| Stepping ~*~*~tactically~*~*~ (stealth).
  1513 | D:2      | 1513 ||| Stepping ~*~*~tactically~*~*~ (stealth).
  1840 | D:2      | Reached XP level 5. HP: 32/32 MP: 5/5
  1873 | D:2      | 1873 ||| UPGRADING to +0 chain mail.
  1883 | D:2      | 1883 ||| DROPPING +0 animal skin.
  1884 | D:2      | 1884 ||| UPGRADING to +6 ring of strength.
  1885 | D:2      | 1885 ||| READING scroll labelled WOME LOEDUOWN.
  1927 | D:3      | Reached skill level 5 in Axes
  1937 | D:3      | 1937 ||| Stepping ~*~*~tactically~*~*~ (stealth).
  2027 | D:3      | Found an ancient bone altar of Kikubaaqudgha.
  2198 | D:3      | Found a broken altar of Ashenzari.
  2209 | D:3      | 2209 ||| DROPPING +1 morningstar of pain.
  2617 | D:3      | Found a sacrificial altar of Ru.
  2826 | D:3      | Found a basalt altar of Yredelemnul.
  2849 | D:3      | 2849 ||| UPGRADING to +1 pair of boots.
  2854 | D:3      | 2854 ||| UPGRADING to amulet of the acrobat.
  2859 | D:3      | 2859 ||| DROPPING +6 ring of intelligence.
  2860 | D:3      | 2860 ||| READING 2 scrolls labelled VOOSKIUMUEP.
  2861 | D:3      | 2861 ||| READING scroll labelled VAOSHR UKKA PUI.
  2862 | D:3      | 2862 ||| READING scroll labelled HATOXTU OM TOEQ.
  2863 | D:3      | 2863 ||| READING 5 scrolls labelled GUTISEMNUM.
  2864 | D:3      | 2864 ||| READING scroll labelled EMMAGOHUUDGH.
  2865 | D:3      | 2865 ||| DRINKING 2 fizzy pink potions.
  2866 | D:3      | 2866 ||| DRINKING 2 bubbling blue potions.
  2867 | D:3      | 2867 ||| DROPPING 4 scrolls of vulnerability.
  2921 | D:4      | Found a shimmering blue altar of Sif Muna.
  2966 | D:4      | Reached XP level 6. HP: 38/38 MP: 6/6
  3044 | D:4      | Reached *** piety under Trog
  3050 | D:4      | 3050 ||| Stepping ~*~*~tactically~*~*~ (stealth).
  3148 | D:4      | 3148 ||| Stepping ~*~*~tactically~*~*~ (stealth).
  3228 | D:4      | Reached skill level 6 in Axes
  3275 | D:4      | Found Xasauni's Book Shop.
  3460 | D:4      | 3460 ||| DROPPING +2 hat.
  3461 | D:4      | 3461 ||| DRINKING 2 pink potions.
  3462 | D:4      | 3462 ||| DRINKING 2 yellow potions.
  3462 | D:4      | Gained mutation: You are weak. (Str -2) [potion of
                  | mutation]
  3463 | D:4      | 3463 ||| READING 3 scrolls of identify.
  3463 | D:4      | 3463 ||| IDENTIFYING fizzy clear potion
  3464 | D:4      | 3464 ||| READING 2 scrolls of identify.
  3464 | D:4      | 3464 ||| IDENTIFYING murky orange potion
  3465 | D:4      | 3465 ||| DROPPING potion of invisibility.
  3466 | D:4      | 3466 ||| DROPPING potion of attraction.
  3498 | D:5      | Entered Level 5 of the Dungeon
  3509 | D:5      | 3509 ||| INVOKING Berserk.
  3520 | D:5      | Reached skill level 3 in Armour
  3520 | D:5      | Reached XP level 7. HP: 43/43 MP: 7/7
  3645 | D:5      | 3645 ||| Stepping ~*~*~tactically~*~*~ (hiding).
  3656 | D:5      | 3656 ||| Stepping ~*~*~tactically~*~*~ (hiding).
  3657 | D:5      | 3657 ||| Stepping ~*~*~tactically~*~*~ (hiding).
  3664 | D:5      | 3664 ||| INVOKING Berserk.
  4014 | D:5      | Found Ojacsa's Assorted Antiques.
  4017 | D:5      | 4017 ||| BUYING glowing hand axe (186 gold).
  4017 | D:5      | Bought a glowing hand axe for 186 gold pieces
  4017 | D:5      | 4017 ||| BUYING runed scale mail (217 gold).
  4017 | D:5      | Bought a runed scale mail for 217 gold pieces
  4017 | D:5      | 4017 ||| SHOPLISTING scroll labelled RYDWODA JIRO (31 gold,
                  | have 0).
  4017 | D:5      | 4017 ||| SHOPLISTING scroll of identify (62 gold, have 0).
  4017 | D:5      | 4017 ||| SHOPLISTING war axe (108 gold, have 0).
  4017 | D:5      | 4017 ||| SWAPPING to +1 hand axe of draining.
  4018 | D:5      | 4018 ||| DROPPING +0 hand axe.
  4029 | D:5      | 4029 ||| Stepping ~*~*~tactically~*~*~ (stealth).
  4030 | D:5      | 4030 ||| Stepping ~*~*~tactically~*~*~ (stealth).
  4031 | D:5      | 4031 ||| Stepping ~*~*~tactically~*~*~ (stealth).
  4035 | D:5      | 4035 ||| Stepping ~*~*~tactically~*~*~ (stealth).
  4062 | D:5      | Reached skill level 7 in Axes
  4086 | D:5      | 4086 ||| FLEEEEING.
  4087 | D:5      | 4087 ||| FLEEEEING.
  4100 | D:5      | 4100 ||| FLEEEEING.
  4101 | D:5      | 4101 ||| FLEEEEING.
  4102 | D:5      | 4102 ||| FLEEEEING.
  4103 | D:5      | 4103 ||| FLEEEEING.
  4104 | D:5      | 4104 ||| FLEEEEING.
  4105 | D:5      | 4105 ||| FLEEEEING.
  4106 | D:5      | 4106 ||| FLEEEEING.
  4107 | D:5      | 4107 ||| FLEEEEING.
  4108 | D:5      | 4108 ||| FLEEEEING.
  4109 | D:5      | 4109 ||| FLEEEEING.
  4110 | D:5      | 4110 ||| FLEEEEING.
  4111 | D:5      | 4111 ||| FLEEEEING.
  4112 | D:5      | 4112 ||| FLEEEEING.
  4113 | D:5      | 4113 ||| FLEEEEING.
  4114 | D:5      | 4114 ||| FLEEEEING.
  4115 | D:5      | 4115 ||| FLEEEEING.
  4116 | D:5      | 4116 ||| FLEEEEING.
  4117 | D:5      | 4117 ||| FLEEEEING.
  4121 | D:5      | 4121 ||| INVOKING Berserk.
  4440 | D:5      | 4440 ||| Stepping ~*~*~tactically~*~*~ (stealth).
  4453 | D:5      | 4453 ||| Stepping ~*~*~tactically~*~*~ (hiding).
  4458 | D:5      | 4458 ||| INVOKING Berserk.
  4568 | D:5      | 4568 ||| DROPPING +0 mace.
  4616 | D:5      | 4616 ||| Stepping ~*~*~tactically~*~*~ (stealth).
  4701 | D:5      | 4701 ||| SWAPPING to +4 hand axe.
  4702 | D:5      | 4702 ||| DROPPING +1 hand axe of draining.
  5023 | D:5      | 5023 ||| UPGRADING to +0 pair of gloves.
  5028 | D:5      | 5028 ||| DROPPING +0 scale mail of willpower.
  5029 | D:5      | 5029 ||| DROPPING amulet of faith.
  5030 | D:5      | 5030 ||| READING scroll labelled SEUWKI BUIT.
  5031 | D:5      | 5031 ||| DRINKING 2 green potions.
  5057 | D:6      | 5057 ||| INVOKING Berserk.
  5062 | D:6      | Reached XP level 8. HP: 49/49 MP: 8/8
  5082 | D:6      | 5082 ||| STAIRDANCE
  5379 | D:6      | Found a stormy altar of Qazlal.
  5389 | D:6      | Noticed a vampire
  5402 | D:6      | 5402 ||| DRINKING potion of curing.
  5402 | D:6      | 5402 ||| (to cure confusion)
  5414 | D:6      | Killed a vampire
  5580 | D:6      | Found a staircase to the Ecumenical Temple.
  5582 | D:6      | Noticed Eustachio
  5583 | D:6      | 5583 ||| INVOKING Berserk.
  5592 | D:6      | Killed Eustachio
  5704 | D:6      | Noticed Edmund
  5705 | D:6      | 5705 ||| FLEEEEING.
  5706 | D:6      | 5706 ||| FLEEEEING.
  5707 | D:6      | 5707 ||| FLEEEEING.
  5708 | D:6      | 5708 ||| FLEEEEING.
  5709 | D:6      | 5709 ||| FLEEEEING.
  5710 | D:6      | 5710 ||| FLEEEEING.
  5711 | D:6      | 5711 ||| FLEEEEING.
  5712 | D:6      | 5712 ||| FLEEEEING.
  5714 | D:6      | 5714 ||| FLEEEEING.
  5715 | D:6      | 5715 ||| FLEEEEING.
  5716 | D:6      | 5716 ||| FLEEEEING.
  5717 | D:6      | 5717 ||| FLEEEEING.
  5718 | D:6      | 5718 ||| FLEEEEING.
  5719 | D:6      | 5719 ||| FLEEEEING.
  5720 | D:6      | 5720 ||| FLEEEEING.
  5721 | D:6      | 5721 ||| FLEEEEING.
  5722 | D:6      | 5722 ||| FLEEEEING.
  5723 | D:6      | 5723 ||| FLEEEEING.
  5724 | D:6      | 5724 ||| FLEEEEING.
  5725 | D:6      | 5725 ||| FLEEEEING.
  5726 | D:6      | 5726 ||| FLEEEEING.
  5731 | D:6      | 5731 ||| INVOKING Berserk.
  5741 | D:6      | Killed Edmund
  5742 | D:6      | Reached skill level 8 in Axes
  5838 | D:6      | 5838 ||| DROPPING +0 flail.
  6368 | D:6      | 6368 ||| READING scroll labelled DERYTTUSAO.
  6369 | D:6      | 6369 ||| READING 3 scrolls labelled USINNAUGOR.
  6369 | D:6      | Identified 3 scrolls of acquirement
  6369 | D:6      | 6369 ||| ACQUIRING +1 helmet of the Armadillo {rC++ rCorr
                  | Int-2 Dex+2}
  6369 | D:6      | Acquired the +1 helmet of the Armadillo {rC++ rCorr Int-2
                  | Dex+2}
  6371 | D:6      | 6371 ||| UPGRADING to +1 helmet of the Armadillo {rC++
                  | rCorr Int-2 Dex+2}.
  6381 | D:6      | 6381 ||| DROPPING +0 helmet.
  6382 | D:6      | 6382 ||| READING 2 scrolls of acquirement.
  6382 | D:6      | 6382 ||| ACQUIRING ring of protection from fire
  6382 | D:6      | Acquired a ring of protection from fire
  6384 | D:6      | 6384 ||| UPGRADING to ring of protection from fire.
  6385 | D:6      | 6385 ||| READING scroll of acquirement.
  6385 | D:6      | 6385 ||| ACQUIRING +1 kite shield "Wynod" {Int+2}
  6385 | D:6      | Acquired the +1 kite shield "Wynod" {Int+2}
  6387 | D:6      | 6387 ||| UPGRADING to +1 kite shield "Wynod" {Int+2}.
  6392 | D:6      | 6392 ||| DRINKING 2 red potions.
  6393 | D:6      | 6393 ||| READING 3 scrolls of identify.
  6393 | D:6      | 6393 ||| IDENTIFYING clear potion
  6394 | D:6      | 6394 ||| DROPPING potion of magic.
  6395 | D:6      | 6395 ||| DROPPING potion of lignification.
  6455 | D:7      | 6455 ||| INVOKING Berserk.
  6458 | D:7      | Reached skill level 1 in Shields
  6592 | D:7      | 6592 ||| Stepping ~*~*~tactically~*~*~ (hiding).
  6593 | D:7      | 6593 ||| INVOKING Berserk.
  6601 | D:7      | Reached XP level 9. HP: 55/55 MP: 9/9
  6627 | D:7      | Reached skill level 3 in Shields
  6636 | D:7      | 6636 ||| FLEEEEING.
  6637 | D:7      | 6637 ||| FLEEEEING.
  6648 | D:7      | 6648 ||| DROPPING +2 flail of venom.
  6649 | D:7      | 6649 ||| Stepping ~*~*~tactically~*~*~ (stealth).
  6727 | D:7      | 6727 ||| Stepping ~*~*~tactically~*~*~ (hiding).
  6897 | D:7      | 6897 ||| READING scroll of enchant armour.
  6897 | D:7      | 6897 ||| ENCHANTING +0 pair of gloves.
  6900 | D:7      | 6900 ||| Stepping ~*~*~tactically~*~*~ (stealth).
  6901 | D:7      | 6901 ||| Stepping ~*~*~tactically~*~*~ (stealth).
  6915 | D:7      | 6915 ||| Stepping ~*~*~tactically~*~*~ (hiding).
  7170 | D:7      | Found a burning altar of Makhleb.
  7285 | D:8      | Noticed a four-headed hydra
  7286 | D:8      | 7286 ||| Stepping ~*~*~tactically~*~*~ (stealth).
  7288 | D:8      | 7288 ||| Stepping ~*~*~tactically~*~*~ (stealth).
  7289 | D:8      | 7289 ||| SWAPPING to +0 morningstar.
  7290 | D:8      | 7290 ||| INVOKING Berserk.
  7293 | D:8      | Reached skill level 6 in Shields
  7296 | D:8      | Killed a four-headed hydra
  7301 | D:8      | Reached skill level 6 in Fighting
  7306 | D:8      | 7306 ||| SWAPPING to +5 hand axe.
  7316 | D:8      | 7316 ||| FLEEEEING.
  7317 | D:8      | 7317 ||| FLEEEEING.
  7318 | D:8      | 7318 ||| FLEEEEING.
  7319 | D:8      | 7319 ||| STAIRDANCE
  7398 | D:8      | 7398 ||| STAIRDANCE
  7400 | D:7      | 7400 ||| INVOKING Berserk.
  7512 | D:7      | 7512 ||| UPGRADING to +0 plate armour.
  7522 | D:7      | 7522 ||| DROPPING +0 chain mail.
  7526 | D:8      | 7526 ||| STAIRDANCE
  7539 | D:7      | Reached XP level 10. HP: 59/60 MP: 10/10
  7543 | D:8      | 7543 ||| STAIRDANCE
  7575 | D:8      | 7575 ||| SWAPPING to +0 war axe.
  7576 | D:8      | 7576 ||| DROPPING +5 hand axe.
  7580 | D:8      | Found a hide-covered altar of Uskayaw.
  7680 | D:8      | Reached skill level 9 in Axes
  7685 | D:8      | Reached **** piety under Trog
  7762 | D:8      | Found an ornate altar of the Wu Jian Council.
  7841 | D:8      | 7841 ||| INVOKING Berserk.
  7843 | D:8      | Reached skill level 6 in Armour
  8649 | D:9      | 8649 ||| INVOKING Berserk.
  8662 | D:9      | Reached skill level 9 in Shields
  8950 | D:9      | 8950 ||| Stepping ~*~*~tactically~*~*~ (stealth).
  9039 | D:9      | Noticed a two-headed ogre
  9043 | D:9      | 9043 ||| INVOKING Berserk.
  9053 | D:9      | Killed a two-headed ogre
  9054 | D:9      | Reached skill level 10 in Axes
  9151 | D:9      | 9151 ||| Stepping ~*~*~tactically~*~*~ (hiding).
  9396 | D:9      | Found a blossoming altar of Fedhas.
  9645 | D:9      | 9645 ||| READING 3 scrolls of identify.
  9645 | D:9      | 9645 ||| IDENTIFYING orange potion
  9646 | D:9      | 9646 ||| DROPPING potion of ambrosia.
  9681 | D:10     | Entered Level 10 of the Dungeon
  9759 | D:10     | Reached XP level 11. HP: 67/67 MP: 11/11
  9781 | D:10     | 9781 ||| INVOKING Berserk.
  9786 | D:10     | HP: 22/102 [acid dragon (6)]
  9795 | D:10     | 9795 ||| READING 6 scrolls of teleportation.
  9796 | D:10     | 9796 ||| DRINKING 2 potions of heal wounds.
  9945 | D:10     | Found a runed translucent gate.
  9945 | D:10     | Found a runed translucent gate.
  9945 | D:10     | Found a runed translucent gate.
  9947 | D:10     | Noticed a glowing orange brain
  9947 | D:10     | Noticed qw's ghost (journeyman FoCA)
  9948 | D:10     | Found a viscous altar of Jiyva.
 10011 | D:10     | 10011 ||| Stepping ~*~*~tactically~*~*~ (stealth).
 10023 | D:10     | Reached skill level 11 in Axes
 10100 | D:10     | 10100 ||| Stepping ~*~*~tactically~*~*~ (stealth).
 10109 | D:10     | 10109 ||| Stepping ~*~*~tactically~*~*~ (stealth).
 10158 | D:10     | 10158 ||| Stepping ~*~*~tactically~*~*~ (stealth).
 10160 | D:10     | 10160 ||| Stepping ~*~*~tactically~*~*~ (stealth).
 10310 | D:10     | 10310 ||| Stepping ~*~*~tactically~*~*~ (hiding).
 10343 | D:10     | Noticed a sun demon
 10992 | D:10     | 10992 ||| READING scroll labelled LOEPRO GYMIODD.
 11014 | D:11     | Noticed a two-headed ogre
 11015 | D:11     | 11015 ||| Stepping ~*~*~tactically~*~*~ (stealth).
 11016 | D:11     | 11016 ||| Stepping ~*~*~tactically~*~*~ (stealth).
 11019 | D:11     | 11019 ||| STAIRDANCE
 11065 | D:11     | 11065 ||| STAIRDANCE
 11231 | D:11     | 11231 ||| STAIRDANCE
 11233 | D:10     | 11233 ||| INVOKING Berserk.
 11240 | D:10     | Killed a two-headed ogre
 11336 | D:11     | 11336 ||| INVOKING Berserk.
 11491 | D:11     | Noticed Grum
 11492 | D:11     | 11492 ||| Stepping ~*~*~tactically~*~*~ (stealth).
 11493 | D:11     | 11493 ||| Stepping ~*~*~tactically~*~*~ (stealth).
 11498 | D:11     | Reached skill level 9 in Fighting
 11501 | D:11     | 11501 ||| INVOKING Berserk.
 11536 | D:11     | 11536 ||| Stepping ~*~*~tactically~*~*~ (stealth).
 11600 | D:11     | 11600 ||| INVOKING Berserk.
 11605 | D:11     | Killed Grum
 11726 | D:11     | Found a staircase to the Lair.
 11777 | D:11     | Noticed Erolcha
 11778 | D:11     | 11778 ||| Stepping ~*~*~tactically~*~*~ (hiding).
 11779 | D:11     | 11779 ||| Stepping ~*~*~tactically~*~*~ (hiding).
 11780 | D:11     | 11780 ||| INVOKING Trog's Hand.
 11782 | D:11     | 11782 ||| INVOKING Berserk.
 11783 | D:11     | Noticed a manticore
 11798 | D:11     | Killed Erolcha
 11803 | D:11     | HP: 17/71 [manticore (5)]
 11804 | D:11     | 11804 ||| READING 5 scrolls of teleportation.
 11805 | D:11     | 11805 ||| DRINKING potion of heal wounds.
 12034 | D:11     | 12034 ||| INVOKING Berserk.
 12318 | D:11     | You fall into a shaft and drop 2 floors!
 12328 | D:13     | Noticed a two-headed ogre
 12332 | D:13     | 12332 ||| INVOKING Berserk.
 12336 | D:13     | Killed a two-headed ogre
 12337 | D:13     | Reached XP level 12. HP: 76/76 MP: 12/12
 12461 | D:13     | Noticed a centaur warrior
 12473 | D:13     | Reached skill level 12 in Axes
 12474 | D:13     | Killed a centaur warrior
 12612 | D:13     | 12612 ||| Stepping ~*~*~tactically~*~*~ (stealth).
 12629 | D:13     | Reached skill level 9 in Armour
 12631 | D:13     | 12631 ||| INVOKING Berserk.
 12657 | D:13     | HP: 17/76 [dream sheep (shapeshifter) (5)]
 12658 | D:13     | 12658 ||| READING 4 scrolls of teleportation.
 12677 | D:13     | 12677 ||| READING 3 scrolls of teleportation.
 12678 | D:13     | 12678 ||| INVOKING Berserk.
 12787 | D:13     | 12787 ||| Stepping ~*~*~tactically~*~*~ (stealth).
 12788 | D:13     | 12788 ||| Stepping ~*~*~tactically~*~*~ (stealth).
 12941 | D:13     | 12941 ||| READING scroll labelled RAUSKU YRONG.
 12956 | D:12     | 12956 ||| Stepping ~*~*~tactically~*~*~ (stealth).
 12957 | D:12     | 12957 ||| Stepping ~*~*~tactically~*~*~ (stealth).
 13190 | D:11     | 13190 ||| Stepping ~*~*~tactically~*~*~ (stealth).
 13205 | D:11     | 13205 ||| Stepping ~*~*~tactically~*~*~ (stealth).
 13476 | D:11     | Found a staircase to the Orcish Mines.
 13491 | D:11     | Reached ***** piety under Trog
 13493 | Abyss:1  | Cast into level 1 of the Abyss (orc)
 13530 | Abyss:1  | Noticed a thrashing horror
 13554 | Abyss:1  | Killed a thrashing horror
 13595 | Abyss:1  | 13595 ||| Stepping ~*~*~tactically~*~*~ (stealth).
 13707 | Abyss:1  | 13707 ||| INVOKING Berserk.
 13722 | Abyss:1  | 13722 ||| INVOKING Trog's Hand.
 13730 | Abyss:1  | 13730 ||| INVOKING Trog's Hand.
 13753 | Abyss:1  | Gained mutation: You are occasionally teleported next to
                  | monsters. [a neqoxec]
 13755 | Abyss:1  | 13755 ||| Stepping ~*~*~tactically~*~*~ (hiding).
 13760 | Abyss:1  | Gained mutation: You are often teleported next to monsters.
                  | [a neqoxec]
 13761 | Abyss:1  | Gained mutation: Your spells are a little easier to cast,
                  | but a little less powerful. [a neqoxec]
 13768 | Abyss:1  | Gained mutation: Your movements are slightly less
                  | encumbered by armour. (ER -2) [a neqoxec]
 13772 | Abyss:1  | 13772 ||| INVOKING Berserk.
 13772 | Abyss:1  | Gained mutation: Armour fits poorly on your strangely
                  | shaped body. [a neqoxec]
 13778 | Abyss:1  | Noticed a reaper
 13778 | Abyss:1  | 13778 ||| Stepping ~*~*~tactically~*~*~ (stealth).
 13779 | Abyss:1  | 13779 ||| Stepping ~*~*~tactically~*~*~ (hiding).
 13780 | Abyss:1  | 13780 ||| INVOKING Trog's Hand.
 13781 | Abyss:1  | 13781 ||| Stepping ~*~*~tactically~*~*~ (stealth).
 13783 | Abyss:1  | HP: 16/77 [reaper/+3 scythe of venom (7)]
 13784 | Abyss:1  | 13784 ||| READING 2 scrolls of teleportation.
 13785 | Abyss:1  | Mangled by a reaper

Levels and vault maps discovered:
D:1:      dpeg_arrival_erosion, layout_basic
D:2:      layout_basic
D:3:      layout_loops_ring, marbit_many_paths, kiku_gazebo_garden_becter,
          yredelemnul_forgotten_temple_becter, ashenzari_altar_1,
          minmay_starry_boxes
D:4:      layout_rooms, nicolae_sif_muna_little_library, serial_shops, shop,
          corexii_item_surrounded_by_moat, dreamdust_wishing_well
D:5:      layout_cave_pods, serial_shops, kennysheep_mini
D:6:      layout_basic, mainiacjoe_overflow_brackets, minmay_temple_entry_mist,
          serial_corexii_hall, corexii_hall_statues_i,
          chequers_hall_statues_wall_a, uniq_eustachio, uniq_edmund
D:7:      nicolae_cairo_tiling_very_big, layout_rooms,
          mainiacjoe_overflow_alcove_1, chequers_serial_rivers_micro_e,
          feat_on_display
D:8:      layout_layer_cave, mainiacjoe_overflow_catch_the_wave
D:9:      layout_stronghold, mainiacjoe_overflow_small_starburst,
          kennysheep_generic_room_8
D:10:     layout_basic, gammafunk_ghost_ooze, nrook_loot_triangle,
          item_on_display_a
D:11:     layout_basic, lair_entry_dummy,
          kennysheep_orc_monster_closet_entryway, uniq_erolcha, uniq_grum
D:12:     layout_roguey, uniq_maurice, uniq_jorgrun
D:13:     layout_cave_pools, serial_rivers, chequers_serial_rivers_small_a,
          chequers_serial_rivers_small_a, chequers_serial_rivers_room_a,
          chequers_serial_rivers_micro_e, chequers_serial_rivers_large_b,
          chequers_serial_rivers_small_3
Abyss:1:  base: D:2, hangedman_classic_abyss_death

Skill      XL: |  1  2  3  4  5  6  7  8  9 10 11 12 |
---------------+-------------------------------------+-----
Axes           | 3 4 5 6 7 8 10 11 12 | 12.4
Throwing       | 1 2 |  2.9
Fighting       | 4 5 6 7 9 10 | 10.2
Armour         | 3 4 7 8 9 |  9.0
Shields        | 2 8 9 10 | 10.8
Dodging        | 2 |  2.1

Action                   |  1- 3 |  4- 6 |  7- 9 | 10-12 || total
-------------------------+-------+-------+-------+-------++-------
Melee: Hand axe          |    53 |   124 |   237 |     9 ||   423
       Punch             |       |     1 |       |       ||     1
       Morningstar       |       |       |    15 |       ||    15
       War axe           |       |       |       |   590 ||   590
Throw: Javelin           |    21 |    50 |    22 |     1 ||    94
       Boomerang         |       |     9 |    14 |    36 ||    59
Invok: Berserk           |     1 |     1 |    10 |    15 ||    27
       Trog's Hand       |       |       |       |     4 ||     4
  Use: Scroll            |     2 |     8 |     7 |     8 ||    25
       Potion            |       |     4 |     3 |     2 ||     9
Armor: Animal skin       |     9 |    10 |       |       ||    19
       Chain mail        |       |    52 |   179 |       ||   231
       Plate armour      |       |       |     5 |   466 ||   471
Dodge: Dodged            |    30 |    35 |    74 |   196 ||   335
Block: Kite shield       |       |       |    41 |   444 ||   485

Table legend:
 A = Non-vault XP
 B = Vault XP
 C = Vault XP percentage of total XP
 D = Non-vault monster count
 E = Vault monster count
 F = Vault count percentage of total count
                 A         B        C        D         E       F
            +---------+---------+-------+---------+---------+-------
      Total |   24940 |    1939 |   7.2 |     270 |      22 |   7.5
            +---------+---------+-------+---------+---------+-------
        D:1 |      49 |       0 |   0.0 |      27 |       0 |   0.0
        D:2 |     121 |       0 |   0.0 |      28 |       0 |   0.0
        D:3 |      36 |      28 |  43.8 |       8 |       9 |  52.9
        D:4 |     336 |       0 |   0.0 |      20 |       0 |   0.0
        D:5 |     604 |       0 |   0.0 |      27 |       0 |   0.0
        D:6 |     653 |     355 |  35.2 |      10 |       2 |  16.7
        D:7 |    1202 |       0 |   0.0 |      19 |       0 |   0.0
        D:8 |    2227 |       0 |   0.0 |      22 |       0 |   0.0
        D:9 |    3245 |     100 |   3.0 |      22 |       1 |   4.3
       D:10 |    6794 |       0 |   0.0 |      40 |       0 |   0.0
       D:11 |    2516 |    1456 |  36.7 |      23 |      10 |  30.3
       D:12 |     716 |       0 |   0.0 |       6 |       0 |   0.0
       D:13 |    3830 |       0 |   0.0 |       8 |       0 |   0.0
    Abyss:1 |    2611 |       0 |   0.0 |      10 |       0 |   0.0
            +---------+---------+-------+---------+---------+-------
